 Dungeon Crawl Stone Soup version 0.29-a0-317-gd16b76e6b1 (webtiles) character file.

Game seed: 15428821929358940403

389 Murumi the Skirmisher (level 7, -2/56 HPs)
             Began as a Formicid Abyssal Knight on Mar 30, 2022.
             Was a Priest of Lugonu.
             Slain by a black bear (3 damage)
             ... on level 4 of the Dungeon.
             The game lasted 00:09:20 (3862 turns).

Murumi the Skirmisher (Formicid Abyssal Knight)     Turns: 3862, Time: 00:09:21

Health: -2/56      AC:  8    Str: 19    XL:     7   Next: 7%
Magic:  0/9        EV: 10    Int: 10    God:    Lugonu [***...]
Gold:   240        SH:  0    Dex: 11    Spells: 6/6 levels left

rFire   . . .      SeeInvis +   o - +0 scythe
rCold   . . .      Faith    .   (no shield)
rNeg    . . .      Spirit   +   l - +0 ring mail
rPois   .          Reflect  .   (helmet unavailable)
rElec   .          Harm     .   k - +0 cloak
rCorr   .          Rampage  .   (no gloves)
Will    .....                   g - +0 pair of boots
Stlth   +.........              f - amulet of guardian spirit
HPRegen 0.18/turn               (no ring)
MPRegen 0.11/turn               (no ring)

@: no status effects
A: permanent stasis, dig shafts and tunnels, antennae 3, four strong arms
a: Dig, Shaft Self, Renounce Religion, Depart the Abyss, Bend Space, Banish


You were on level 4 of the Dungeon.
You worshipped Lugonu.
Lugonu was most pleased with you.
You visited 1 branch of the dungeon, and saw 4 of its levels.
You visited the Abyss 1 time.

You collected 240 gold pieces.

Inventory:

Hand Weapons
 o - a +0 scythe (weapon)
Armour
 g - a +0 pair of boots (worn)
 k - a +0 cloak (worn)
 l - a +0 ring mail (worn)
Jewellery
 f - an amulet of guardian spirit (around neck)
Scrolls
 b - 2 scrolls of enchant weapon
 m - a scroll of enchant armour
Potions
 c - 2 potions of heal wounds {unknown}
 d - 2 potions of resistance
 e - 2 potions of curing
 h - a potion of attraction {unknown}
 i - 2 potions of lignification {unknown}
 j - a potion of invisibility {unknown}
 n - a potion of brilliance {unknown}


   Skills:
 - Level 5.0 Fighting
 - Level 4.0 Polearms
 + Level 4.3 Armour
 - Level 1.0 Dodging
 - Level 3.0 Stealth
 - Level 3.0 Invocations


You had 6 spell levels left.
You didn't know any spells.
Your spell library contained the following spells:

 Spells                   Type           Power      Damage    Failure   Level
 Summon Small Mammal      Summ           0%         N/A       54%         1
 Call Canine Familiar     Summ           0%         N/A       88%         3
 Summon Guardian Golem    Hex/Summ       0%         N/A       88%         3
 Borgnjor's Revivificati  Necr           0%         N/A       100%        8
 Necromutation            Tmut/Necr      0%         N/A       100%        8
 Death's Door             Necr           0%         N/A       100%        9


Dungeon Overview and Level Annotations

Branches:
Dungeon (4/15)
 Temple: D:4-7

Altars:
Kikubaaqudgha


Innate Abilities, Weirdness & Mutations

You cannot be hasted, slowed, berserked, paralysed or teleported.
You can dig through walls and to a lower floor.
You have a pair of large antennae on your head. (SInv)
Your four strong arms can wield two-handed weapons with a shield.


Message History

The black bear closely misses you. The black bear claws you.
The black bear claws you but does no damage.
You hit the black bear.
The black bear is severely wounded.
The black bear barely misses you. The black bear claws you.
The black bear misses you. The black bear barely misses you.
The black bear claws you but does no damage.
The black bear closely misses you.
You hit the black bear.
The black bear is severely wounded.
The black bear goes berserk!
The black bear bites you! The black bear claws you. x2
You hit the black bear.
The black bear is severely wounded.
The black bear bites you but does no damage.
The black bear barely misses you. The black bear closely misses you.
The black bear bites you but does no damage.
The black bear claws you. x2
The black bear bites you but does no damage.
The black bear barely misses you. The black bear claws you.
You closely miss the black bear.
The black bear is severely wounded.
The black bear bites you! The black bear misses you. The black bear claws you.
The black bear barely misses you.
The black bear claws you but does no damage.
The black bear closely misses you.
You are too injured to fight recklessly!
You hit the black bear but do no damage.
The black bear is severely wounded.
The black bear bites you!
* * * LOW HITPOINT WARNING * * *
The black bear claws you.
* * * LOW HITPOINT WARNING * * *
The black bear barely misses you. The black bear bites you!
* * * LOW HITPOINT WARNING * * *
The black bear claws you but does no damage. x2
The black bear misses you. The black bear claws you.
* * * LOW HITPOINT WARNING * * *
The black bear claws you.
You die...

# ##.###.[.#
####.###†#.# .#
.##.....##.## #.###
{
........##..###.....
##.....####.......>#
##....># #...###..#
#..###.####.####.?#
..## #..#..)####h#
..# ##..###.##.@#
..##....## ##....#
.....## #.........#
...## #....##..#.
...# #...## ... ...#
...## . ..... ....#
#..## #...## ...#
##...


You could see a black bear (berserk).

Vanquished Creatures
  Sigmund (D:4)
  A black bear (D:4)
  An orc priest (D:3)
  An iguana (D:3)
  3 adders
  4 orcs
  8 ball pythons
  6 endoplasms
  2 giant cockroaches
  4 goblins
  5 hobgoblins
  A jackal (D:3)
  2 kobolds (D:3)
  4 quokkas
  5 bats
  2 frilled lizards
  4 rats
54 creatures vanquished.

Notes
Turn   | Place    | Note
-------+----------+-------------------------------------------
     0 | Abyss:1  | Murumi the Formicid Abyssal Knight began the quest for the
                  | Orb.
     0 | Abyss:1  | Reached XP level 1. HP: 18/18 MP: 2/2
    14 | D:1      | Escaped the Abyss
   212 | D:1      | Reached skill level 1 in Dodging
   217 | D:1      | Found a faded altar of an unknown god.
   520 | D:1      | Reached XP level 2. HP: 25/25 MP: 3/3
   866 | D:2      | You fall into a shaft and drop 1 floor!
   881 | D:3      | Reached skill level 4 in Fighting
  1325 | D:2      | Reached XP level 3. HP: 30/30 MP: 4/4
  1595 | D:2      | Reached *** piety under Lugonu
  2264 | D:3      | Reached skill level 1 in Stealth
  2317 | D:3      | Reached XP level 4. HP: 35/37 MP: 6/6
  2949 | D:3      | Found an ancient bone altar of Kikubaaqudgha.
  3084 | D:3      | Reached XP level 5. HP: 42/42 MP: 7/7
  3117 | D:4      | Noticed a black bear
  3466 | D:4      | Killed a black bear
  3467 | D:4      | Reached XP level 6. HP: 44/48 MP: 5/8
  3695 | D:4      | Noticed Sigmund
  3715 | D:4      | Killed Sigmund
  3716 | D:4      | Reached skill level 5 in Fighting
  3716 | D:4      | Reached XP level 7. HP: 32/56 MP: 6/9
  3862 | D:4      | HP: 1/56 [black bear (4)]
  3862 | D:4      | Slain by a black bear

Illustrated notes

Levels and vault maps discovered:
D:1:      eino_arrival_tree_alley, layout_basic,
          hellmonk_ecumenical_altar_lost_god
D:2:      layout_basic
D:3:      layout_basic, kiku_gazebo_pond_becter, kennysheep_small_spiral,
          st_stairs_11
D:4:      layout_layer_cave, minitemple, serial_shops, shop,
          serial_bayou_lake_a, uniq_sigmund

Skill      XL: |  1  2  3  4  5  6 |
---------------+-------------------+-----
Dodging        | 1 |  1.0
Fighting       | 4 5 |  5.0
Armour         | 3 4 |  4.3
Invocations    | 3 |  3.0
Stealth        | 1 2 3 |  3.0
Polearms       | 3 4 |  4.0

Action                   |  1- 3 |  4- 6 |  7- 9 || total
-------------------------+-------+-------+-------++-------
Melee: Spear             |    97 |    95 |       ||   192
       Punch             |     2 |     1 |       ||     3
       Scythe            |       |       |     8 ||     8
  Use: Scroll            |     7 |     2 |       ||     9
 Stab: Sleeping          |     1 |     2 |       ||     3
Armor: Leather armour    |    15 |       |       ||    15
       Ring mail         |     4 |    22 |    13 ||    39
Dodge: Dodged            |    37 |    30 |    17 ||    84

Table legend: (Time is in decaauts)
 A = Elapsed time spent in this place.
 B = Non-inter-level travel time spent in this place.
 C = Inter-level travel time spent in this place.
 D = Time resting spent in this place.
 E = Time spent auto-exploring this place.
 F = Levels seen in this place.
 G = Mean time per level.
                   A        B        C        D        E       F      G
               +--------+--------+--------+--------+--------+-----+--------+
         Total |   3868 |   3567 |    301 |     64 |   2978 |   5 |  773.6 |
       Dungeon |   3853 |   3552 |    301 |     64 |   2974 |   4 |  963.2 |
         Abyss |     14 |     14 |      0 |      0 |      4 |   1 |   14.0 |
               +--------+--------+--------+--------+--------+-----+--------+

Top non-repeatable levels by time:
     D:3: 1478 daAuts
     D:2: 1079 daAuts
     D:1: 851 daAuts
     D:4: 444 daAuts
 Abyss:1: 14 daAuts
